 Dungeon Crawl Stone Soup version 0.16.1-5-gaa23807 (webtiles) character file.

39 Hanyuu the Sneak (level 3, 27/27 HPs)
             Began as a Vampire Assassin on Mar 22, 2015.
             Quit the game on level 2 of the Dungeon on Mar 28, 2015.
             The game lasted 00:12:05 (1550 turns).

Hanyuu the Sneak (Vampire Assassin)                 Turns: 1550, Time: 00:12:06

Health: 27/27      AC:  4    Str: 10    XL:     3   Next: 28%
Magic:  5/5        EV: 12    Int: 13    God:
Gold:   93         SH:  0    Dex: 16    Spells: 0 memorised, 5 levels left

rFire  . . .     SeeInvis +     a - +2 dagger
rCold  . . .     Clarity  .     i - +0 robe
rNeg   + . .     SustAb   .     (no shield)
rPois  .         Gourm    .     x - +0 helmet
rElec  .         Spirit   .     d - +0 cloak
rCorr  .         Warding  .     (no gloves)
rMut   .         Stasis   .     (no boots)
MR     +....                    (no amulet)
Stlth  ++++......               t - ring of protection from magic
                                m - ring of see invisible

@: somewhat resistant to hostile enchantments, stealthy
A: bottle blood, fangs 3, see invisible, unbreathing
a: Bat Form


You were on level 2 of the Dungeon.
You were not thirsty.

You visited 1 branch of the dungeon, and saw 2 of its levels.

You collected 93 gold pieces.

Inventory:

Hand weapons
 a - a +2 dagger (weapon)
 b - a +0 blowgun
 o - a +0 dagger
 r - a +0 hunting sling
Missiles
 e - 8 poisoned needles
 f - 2 curare-tipped needles
 l - 12 sling bullets
 p - 2 tomahawks
 s - 20 stones
Armour
 c - a +0 robe
 d - a +0 cloak (worn)
 i - a +0 robe (worn)
 x - a +0 helmet (worn)
Jewellery
 m - a ring of see invisible (left hand)
 t - a ring of protection from magic (right hand)
Scrolls
 j - a scroll of enchant armour {unknown}
 q - 2 scrolls of identify (quivered) {unknown}
 u - a scroll of remove curse {unknown}
 v - a scroll of teleportation {unknown}
Potions
 g - a potion of blood
 h - a potion of magic {unknown}
 k - a potion of decay {unknown}
 n - a potion of resistance {unknown}
 w - a potion of lignification {unknown}


   Skills:
 + Level 2.1 Fighting
 + Level 2.5 Short Blades
 - Level 1.6 Throwing
 + Level 1.4 Dodging
 - Level 5.8 Stealth
 * Level 1.7 Spellcasting


You had 5 spell levels left.
You didn't know any spells.

Dungeon Overview and Level Annotations

Branches:
Dungeon (2/15)

Altars:

Annotations:
D:2 Robin


Innate Abilities, Weirdness & Mutations

You can bottle blood from corpses.
You have razor-sharp teeth.
You have supernaturally acute eyesight.
You can survive without breathing.


Message History

Unknown command.
Unknown command.
Unknown command.
Unknown command.
You open the door.
There is an open door here.
A goblin comes into view. It is wielding a club.
Found 15 stones.
You spend a moment contemplating the meaning of unlife.
Unknown command.
Quiver which item? (- for none, * to show all) (? for menu, Esc to quit)
Quivering
q - 2 scrolls labeled SHATUM OTZUINE for throwing.
Unknown command.
Unknown command.
Unknown command.
Unknown command.
Level annotation: Robin Welcome back, Hanyuu the Vampire Assassin.
Press ? for a list of commands and other information.
Are you sure you want to abandon this character and quit the game? (Confirm with "yes".)

#......######.#####.#####
#......#......)(.........
#......#.####.###########
######.#.................
#....###.###########
##...#.... #...#.#.#
#...#.#<. ##@.# #.. #..#
... #..# #.# .... . ....#
g..... ......# .(...#.#
...


You could see a goblin (sleeping).

Vanquished Creatures
  An adder (D:2)
  A worm (D:2)
  A giant cockroach (D:1)
  5 hobgoblins
  3 jackals (D:2)
  2 bats (D:2)
  A giant newt (D:2)
  9 goblins
  3 kobolds (D:1)
26 creatures vanquished.

Notes
Turn   | Place    | Note
--------------------------------------------------------------
     0 | D:1      | Hanyuu, the Vampire Assassin, began the quest for the Orb.
     0 | D:1      | Reached XP level 1. HP: 16/16 MP: 1/1
   838 | D:2      | Reached XP level 2. HP: 19/22 MP: 2/2
   846 | D:2      | Reached skill level 1 in Spellcasting
  1022 | D:2      | Reached XP level 3. HP: 27/27 MP: 5/5
  1041 | D:2      | Noticed Robin
  1515 | D:2      | Upgraded the game from 0.16.0-18-g484a79e to 0.16.1-5-gaa23807
  1550 | D:2      | Quit the game

Action                   || total
-------------------------++-------
Melee: Dagger            ||    72
       Unarmed           ||    38
 Abil: End Transformatio ||     1
       Bat Form          ||     1
 Stab: Sleeping          ||     6
       Distracted        ||     1
  Eat: Corpse            ||     4
